cohdb
Replays
Latest Replays
All Replays
Popular Replays
Top Player Replays
Match Explorer
How It Works
Community
CoH3 Stats
Reddit
Sign in to upload your games and track your stats! →
Sign in with Steam
Match 39959522
Unlisted
Match 39959522
Overview
Messages
Build Orders
End
Construct Section Command Post
Infantry Section
Selects Indian Artillery Battlegroup
ML 3-inch Mortar Team
Infantry Section
Selects War Cry
Infantry Section
Construct Platoon Command Post
Selects Gurkha Rifles Section
Gurkha Rifles Section
BearenJude_md
lupac
Paffer
Sauzer88
samtheman
Mrpriest
0
0
Comments
sign in to comment!
No comments posted yet!